 Dungeon Crawl Stone Soup version 0.17-a0-1987-gaf5a542 (webtiles) character file.

1045 4thArraOfDagon the Basher (level 8, -2/78 HPs)
             Began as an Ogre Hunter on Oct 6, 2015.
             Killed by divine providence
             ... invoked by an orc priest
              (12 damage)
             ... on level 8 of the Dungeon.
             The game lasted 00:13:01 (2701 turns).

4thArraOfDagon the Basher (Ogre Hunter)             Turns: 2701, Time: 00:13:01

Health: -2/78      AC:  3    Str: 18    XL:     8   Next: 25%
Magic:  8/8        EV: 10    Int: 12    God:
Gold:   247        SH:  0    Dex: 15    Spells: 0 memorised, 7 levels left

rFire  . . .     SeeInvis .     o - +0 flail (holy)
rCold  . . .     Clarity  .     d - +1 robe
rNeg   . . .     SustAt   .     (no shield)
rPois  .         Gourm    .     (helmet restricted)
rElec  .         Spirit   .     (no cloak)
rCorr  .         Warding  .     (gloves unavailable)
rMut   .         Stasis   .     (boots unavailable)
MR     .....                    (no amulet)
Stlth  ++........               (no ring)
                                h - +5 ring of dexterity

@: not resistant to hostile enchantments, unstealthy
A: unfitting armour, deformed body, frail 1, tough skin 1, wild magic 1
a: no special abilities


You were on level 8 of the Dungeon.
You were not hungry.

You visited 1 branch of the dungeon, and saw 9 of its levels.

You collected 247 gold pieces.

Inventory:

Hand Weapons
 a - a +1 vampiric whip
 c - a +0 short sword
 o - a +0 flail of holy wrath (weapon)
Armour
 d - a +1 robe (worn)
Jewellery
 f - an uncursed amulet of stasis
 h - a +5 ring of dexterity (left hand)
Wands
 l - a wand of flame (10)
Scrolls
 b - a scroll of magic mapping
 g - a scroll of enchant armour
Comestibles
 i - a slice of pizza
 m - 3 fruits


   Skills:
 + Level 7.5 Fighting
 * Level 9.8 Maces & Flails
 - Level 4.0 Throwing
 - Level 1.7 Dodging
 - Level 0.7 Stealth


You had 7 spell levels left.
You didn't know any spells.

Dungeon Overview and Level Annotations

Branches:
Dungeon (9/15)
 Temple: D:4-7         Lair: D:8-11         Orc: D:9-12

Altars:
Elyvilon
Gozag

Shops:
D:3 *   D:5 (

Annotations:
D:4 Edmund, Natasha, Sigmund


Innate Abilities, Weirdness & Mutations

You are too large for most types of armour.
You have tough skin (AC +1).
Armour fits poorly on your strangely shaped body.
You are frail (-10% HP).
Your spells are a little harder to cast, but a little more powerful.


Message History

You hit the orc priest.
The orc priest is severely wounded.
The orc hits you.
* * * LOW HITPOINT WARNING * * *
The orc priest hits you with a dagger.
* * * LOW HITPOINT WARNING * * *
You hit the orc priest but do no damage.
The orc priest is severely wounded.
The orc closely misses you.
The orc priest mumbles some strange prayers to Beogh against you.
Something smites you!
* * * LOW HITPOINT WARNING * * *
You closely miss the orc priest.
The orc priest is severely wounded.
The orc priest misses you. The orc barely misses you.
You hit the orc priest.
The orc priest is almost dead.
The orc priest mumbles some strange prayers to Beogh against you.
Something smites you!
You die...

#....#..#..............
#..####'#........
#.......'.....#
+....(..#.....+
#+####+##.....# #.....#
. #.....#+## ...
#o........
....#+##@........
#....o.........
#..............
+..............
#.....#'#######
##+####....#
...........#
.....##...## ###+#
#'####


You could see an orc priest and an orc.

Vanquished Creatures
  A necrophage (D:6)
  A centaur (D:7)
  4 giant frogs
  A scorpion (D:5)
  A wyvern skeleton (D:8)
  A crimson imp (D:5)
  An orc priest (D:5)
  A jelly (D:7)
  2 hounds (D:6)
  6 worker ants
  Natasha (D:4)
  2 orc wizards (D:5)
  A hound zombie (D:6)
  A worker ant zombie (D:5)
  10 gnolls
  An adder (D:3)
  An adder skeleton (D:6)
  A worm (D:2)
  A giant gecko (D:6)
  8 orcs
  A bat (D:1)
  A jackal (D:7)
  2 kobolds (D:3)
  A quokka (D:6)
  3 giant cockroaches
  A giant newt (D:5)
  A goblin (D:3)
56 creatures vanquished.

Notes
Turn   | Place    | Note
--------------------------------------------------------------
     0 | D:1      | 4thArraOfDagon the Ogre Hunter began the quest for the Orb.
     0 | D:1      | Reached XP level 1. HP: 22/22 MP: 1/1
   125 | D:3      | Reached XP level 2. HP: 26/31 MP: 2/2
   131 | D:3      | Found Gozag's Platinum Reserve.
   133 | D:3      | Found an opulent altar of Gozag.
   157 | D:3      | Reached skill level 1 in Maces & Flails
   249 | D:4      | Noticed Sigmund
   268 | D:5      | Entered Level 5 of the Dungeon
   336 | D:6      | Reached XP level 3. HP: 24/39 MP: 3/3
   425 | D:6      | Reached XP level 4. HP: 42/49 MP: 4/4
   580 | D:7      | Noticed a giant frog
   582 | D:7      | Killed a giant frog
   582 | D:7      | Reached skill level 5 in Fighting
   582 | D:7      | Reached XP level 5. HP: 55/57 MP: 5/5
   590 | D:7      | Noticed a sky beast
   606 | D:7      | Reached skill level 5 in Maces & Flails
   732 | D:6      | Reached XP level 6. HP: 20/66 MP: 6/6
   800 | D:6      | Noticed a giant frog
   827 | D:6      | Killed a giant frog
   827 | D:6      | Reached skill level 6 in Maces & Flails
  1000 | D:5      | Found Demiajus's Weapon Shoppe.
  1008 | D:5      | :(
  1090 | D:4      | Noticed Natasha
  1110 | D:4      | Killed Natasha
  1110 | D:4      | Reached skill level 7 in Maces & Flails
  1132 | D:4      | Reached XP level 7. HP: 17/75 MP: 7/7
  1199 | D:4      | Noticed Edmund
  1257 | D:4      | Noticed Natasha
  1583 | D:5      | Found a white marble altar of Elyvilon.
  1721 | D:5      | Reached skill level 8 in Maces & Flails
  1918 | D:6      | Noticed a giant frog
  1927 | D:6      | Killed a giant frog
  2239 | D:6      | Noticed a necrophage
  2257 | D:6      | Killed a necrophage
  2257 | D:6      | Reached skill level 9 in Maces & Flails
  2257 | D:6      | Reached XP level 8. HP: 66/87 MP: 8/8
  2412 | D:7      | Noticed a centaur
  2426 | D:7      | Killed a centaur
  2450 | D:7      | Noticed a gnoll sergeant
  2499 | D:7      | Gained mutation: You are frail (-10% HP). [potion of mutation]
  2499 | D:7      | Gained mutation: Your spells are a little harder to cast, but a little more powerful. [potion of mutation]
  2499 | D:7      | Gained mutation: Armour fits poorly on your strangely shaped body. [potion of mutation]
  2701 | D:8      | Killed from afar by an orc priest

Vault maps used:
D:1:      sevenhm_arrival_forest_fort_small_6
D:2:      minitemple, first_bread, bh_walls_and_bars, uniq_robin
D:3:      nicolae_gozag_zags_fifth_avenue, kennysheep_generic_room_9
D:4:      grunt_temple_overflow_order_and_chaos_2, uniq_natasha, uniq_edmund,
          uniq_sigmund
D:5:      overflow_temple_1_default, serial_shops, nicolae_shop_stone,
          minmay_hedge_maze, grunt_ministairs_1, minmay_mini_ossuary
D:7:      minmay_temple_entry_junction2, kennysheep_generic_room_15
D:8:      hangedman_pestilent_swarm
D:9:      lair_0_dummy, david_orc_2

Action                   |  1- 3 |  4- 6 |  7- 9 || total
-------------------------+-------+-------+-------++-------
Melee: Short sword       |     7 |       |       ||     7
       Whip              |     6 |    87 |   228 ||   321
       Flail             |       |       |    10 ||    10
Throw: Large rock        |    18 |    28 |     3 ||    49
       Throwing net      |     4 |     1 |       ||     5
Evoke: Wand              |       |       |     4 ||     4
  Use: Scroll            |     3 |       |     4 ||     7
       Potion            |       |     4 |     6 ||    10
 Stab: Distracted        |       |     1 |       ||     1
       Sleeping          |       |       |     2 ||     2
  Eat: Bread ration      |     1 |       |       ||     1
       Chunk             |       |     1 |     4 ||     5
       Fruit             |       |       |     1 ||     1
